 Dungeon Crawl Stone Soup version 0.31-a0-700-gf13585253f (webtiles) character file.

Game seed: 10399686381184724239

32 Newt the Trooper (level 3, 0/24 HPs)
             Began as a Gargoyle Fighter on Sept 7, 2023.
             Slain by a cerulean imp
             ... wielding a +2 spear
             ... summoned by Natasha
              (2 damage)
             ... on level 2 of the Dungeon.
             The game lasted 00:01:06 (731 turns).

Newt the Trooper (Gargoyle Fighter)                  Turns: 731, Time: 00:01:06

Health: 0/24       AC: 10    Str: 21    XL:     3   Next: 25%
Magic:  3/3        EV:  8    Int:  8    God:
Gold:   56         SH:  7    Dex:  9    Spells: 2/2 levels left

rFire   . . .        a - +0 flail
rCold   . . .        f - +0 kite shield
rNeg    + + .        b - +0 scale mail
rPois   ∞            (no helmet)
rElec   +            j - scarf {harm}
rCorr   .            (no gloves)
SInv    .            (no boots)
Will    .....        (no amulet) Stlth
                     e - ring of positive energy
HPRegen 0.24/turn    (no ring)
MPRegen 0.08/turn

%: harm (+30% outgoing, +20% incoming)
@: slowed, very slow
A: sickness immunity, AC +3, negative energy resistance 1, electricity
resistance, torment resistance 1, petrification resistance
a: no special abilities


You were on level 2 of the Dungeon.
You visited 1 branch of the dungeon, and saw 2 of its levels.

You collected 89 gold pieces.
You spent 33 gold pieces at shops.

Inventory:

Hand Weapons
 a - a +0 flail (weapon)
Armour
 b - a +0 scale mail (worn)
 c - a +0 buckler
 f - a +0 kite shield (worn)
 j - a scarf of harm (worn)
Jewellery
 e - a ring of positive energy (left hand)
Scrolls
 i - 2 scrolls of blinking
Potions
 d - a potion of might
 g - 3 potions of curing
 h - a potion of mutation {unknown}
 k - a potion of cancellation


   Skills:
 + Level 4.7 Fighting
 - Level 2.0 Maces & Flails
 - Level 3.2 Armour
 - Level 3.2 Shields


You had 2 spell levels left.
You didn't know any spells.
Your spell library was empty.

Dungeon Overview and Level Annotations

Branches:
Dungeon (2/15)

Altars:

Shops:
D:1 !

Annotations:
D:2 Natasha


Innate Abilities, Weirdness & Mutations

You are immune to sickness and miasma.
Your stone body is resilient. (AC +3)
You are immune to poison.
You resist negative energy. (rN+)
You are resistant to electric shocks. (rElec)
You are resistant to unholy torment.
You are immune to petrification.


Message History

You closely miss Natasha.
Natasha is moderately wounded.
The cerulean imp barely misses you.
Natasha mumbles some strange words.
The cerulean imp hits you from afar with a +2 spear.
Natasha closely misses you.
The cerulean imp hits you but does no damage.
You hit Natasha.
Natasha is severely wounded.
Natasha casts a spell.
You block the cerulean imp's attack.
The cerulean imp hits you from afar with a +2 spear.
Natasha closely misses you.
The cerulean imp hits you but does no damage.
You block the cerulean imp's attack.
You closely miss Natasha.
Natasha is severely wounded.
You block Natasha's attack. You block the cerulean imp's attack.
The cerulean imp misses you. The cerulean imp closely misses you.
Natasha closely misses you.
The cerulean imp hits you but does no damage.
The cerulean imp barely misses you.
The cerulean imp hits you from afar with a +2 spear.
You closely miss Natasha.
Natasha is severely wounded.
You block Natasha's attack. The cerulean imp barely misses you.
You block the cerulean imp's attack. The cerulean imp barely misses you.
Natasha stares at you and mumbles some strange words.
The magic dart hits you!
* * * LOW HITPOINT WARNING * * *
The cerulean imp hits you but does no damage.
The cerulean imp misses you.
The cerulean imp hits you from afar with a +2 spear.
* * * LOW HITPOINT WARNING * * *
Natasha barely misses you.
You barely miss Natasha.
Natasha is severely wounded.
You block the cerulean imp's attack. The cerulean imp barely misses you.
The cerulean imp hits you from afar with a +2 spear.
You die...

#...# ##....# #...###
.$..#.### #.....####
#...#....
#...#....####).....!.
#...####.........####
#...# ######?$.....#
.....# #....##... .......
..####.#.####### #.......
.....5h@........
#.............#..†.####..
.......55..#
....$.......#
..............
...............
#..........#....
##...##.......#.


You could see Natasha and 3 cerulean imps.

Vanquished Creatures
  An adder (D:2)
  2 ball pythons (D:1)
  2 endoplasms
  3 giant cockroaches
  2 goblins
  2 jackals (D:2)
  4 kobolds (D:1)
  2 quokkas (D:1)
  A bat (D:1)
  A rat (D:1)
20 creatures vanquished.

Notes
Turn   | Place    | Note
-------+----------+-------------------------------------------
     0 | D:1      | Newt the Gargoyle Fighter began the quest for the Orb.
     0 | D:1      | Reached XP level 1. HP: 14/14 MP: 1/1
   221 | D:1      | Found Fanopum's Distillery.
   229 | D:1      | Bought a potion of curing for 33 gold pieces
   241 | D:1      | Found a faded altar of an unknown god.
   267 | D:1      | Reached XP level 2. HP: 20/20 MP: 2/2
   275 | D:1      | Reached skill level 4 in Fighting
   677 | D:2      | Reached XP level 3. HP: 24/24 MP: 3/3
   715 | D:2      | Noticed Natasha
   731 | D:2      | Slain by a cerulean imp

Illustrated notes

Levels and vault maps discovered:
D:1:      wander_arrival_fairy_ring, layout_basic, serial_shops, shop,
          ebering_ecumenical_altar_abandoned
D:2:      layout_rooms, serial_shops, nicolae_shop_crystal,
          nicolae_shop_behind_doors, nicolae_shop_tiny_waterfront, shop, shop,
          uniq_robin, uniq_natasha

Skill      XL: |  1  2 |
---------------+-------+-----
Fighting       | 4 |  4.7
Maces & Flails | |  2.0
Armour         | |  3.2
Shields        | |  3.2

Action                     || total
---------------------------++-------
  Melee: Flail             ||    58
    Use: Scroll            ||     2
 Armour: Scale mail        ||    47
  Dodge: Dodged            ||    26
  Block: Kite shield       ||    34

Table legend: (Time is in decaauts)
 A = Elapsed time spent in this place.
 B = Non-inter-level travel time spent in this place.
 C = Inter-level travel time spent in this place.
 D = Time resting spent in this place.
 E = Time spent auto-exploring this place.
 F = Levels seen in this place.
 G = Mean time per level.
                   A        B        C        D        E       F      G
               +--------+--------+--------+--------+--------+-----+--------+
         Total |    760 |    705 |     55 |      0 |    516 |   2 |  380.0 |
       Dungeon |    760 |    705 |     55 |      0 |    516 |   2 |  380.0 |
               +--------+--------+--------+--------+--------+-----+--------+

Top non-repeatable levels by time:
     D:1: 679 daAuts
     D:2: 80 daAuts
